 Dungeon Crawl Stone Soup version 0.31.0-32-g396128a36d (webtiles) character file.

Game seed: 14952843828147238090

95 leafyfresh the Covert (level 4, -1/41 HPs)
             Began as a Gnoll Delver on Mar 28, 2024.
             Incinerated by a bombardier beetle (4 damage)
             ... with a burning spray
             ... on level 5 of the Dungeon.
             The game lasted 00:00:29 (220 turns).

leafyfresh the Covert (Gnoll Delver)                 Turns: 220, Time: 00:00:30

Health: -1/41      AC:  3    Str: 12    XL:     4   Next: 65%
Magic:  5/5        EV: 13    Int:  9    God:
Gold:   32         SH:  0    Dex: 15    Spells: 5/5 levels left

rFire   . . .        a - +0 short sword
rCold   . . .        (no shield)
rNeg    . . .        b - +0 leather armour
rPois   .            (no helmet)
rElec   .            (no cloak)
rCorr   .            (no gloves)
SInv    .            (no boots)
Will    .....        (no amulet)
Stlth   ++           (no ring)
HPRegen 0.26/turn    (no ring)
MPRegen 0.09/turn

%: no passive effects
@: on fire, glowing
A: fangs 1, strong nose, distributed training
a: no special abilities


You were on level 5 of the Dungeon.
You visited 1 branch of the dungeon, and saw 1 of its levels.

You collected 32 gold pieces.

Inventory:

Hand Weapons
 a - a +0 short sword (weapon)
Armour
 b - a +0 leather armour (worn)
Wands
 g - a wand of digging (3)
 i - a wand of flame (29)
Scrolls
 c - a scroll of fog
 d - a scroll of revelation
 e - a scroll of fear
Potions
 f - a potion of haste
 h - a potion of might {unknown}
 j - a potion of curing {unknown}


   Skills:
 + Level 6.6 Fighting
 + Level 4.7 Short Blades
 + Level 1.2 Long Blades
 + Level 1.2 Axes
 + Level 1.2 Maces & Flails
 + Level 1.2 Polearms
 + Level 1.2 Staves
 + Level 1.2 Ranged Weapons
 + Level 1.2 Throwing
 + Level 1.2 Armour
 + Level 4.7 Dodging
 + Level 9.6 Stealth
 + Level 1.2 Shields
 + Level 1.2 Unarmed Combat
 + Level 1.2 Spellcasting
 + Level 1.0 Conjurations
 + Level 1.0 Hexes
 + Level 1.0 Summonings
 + Level 1.0 Necromancy
 + Level 1.0 Translocations
 + Level 1.0 Fire Magic
 + Level 1.0 Ice Magic
 + Level 1.0 Air Magic
 + Level 1.0 Earth Magic
 + Level 1.0 Alchemy
 + Level 1.4 Invocations
 + Level 1.2 Evocations
 + Level 1.1 Shapeshifting


You had 5 spell levels left.
You didn't know any spells.
Your spell library was empty.

Dungeon Overview and Level Annotations

Branches:
Dungeon (5/15)
 Temple: D:4-7

Altars:


Innate Abilities, Weirdness & Mutations

You have very sharp teeth.
Your uncanny sense of smell can sniff out nearby items.
Your experience applies equally to all skills.


Message History

You kill the bombardier beetle!
The liquid fire burns you!
Your Conjurations skill increases to level 1!
Your Hexes skill increases to level 1!
Your Summonings skill increases to level 1!
Your Necromancy skill increases to level 1!
Your Translocations skill increases to level 1!
Your Fire Magic skill increases to level 1!
Your Ice Magic skill increases to level 1!
Your Air Magic skill increases to level 1!
Your Earth Magic skill increases to level 1!
Your Alchemy skill increases to level 1!
You are on fire!
No target in view!
You are on fire!
No target in view!
You are on fire!
No target in view!
You are on fire!
No target in view!
You are on fire!
No target in view!
You are on fire!
You are on fire!
You are on fire!
You are on fire!
You are on fire!
The liquid fire burns you! The liquid fire burns you!
The liquid fire burns you! The liquid fire burns you!
The liquid fire burns you!
* * * LOW HITPOINT WARNING * * *
Unknown command.
The liquid fire burns you!
* * * LOW HITPOINT WARNING * * *
The liquid fire burns you!
* * * LOW HITPOINT WARNING * * *
The liquid fire burns you!
You die...

#### #.#
#.......###### #.#
##...>.....# #.#
#.....##.## ## #.#
# #.##..# .# #.#
#.##.##....#
.##### #.#
#....###.#...
.....#
#.######.....#...#
.###.#
#.##...†.###...###
.# #.# #.##..@..#
.#.. ## #.#
#........# #.#
#.#####....## #.#
#..........#
#.########.....#
#..............#
###########....#
######


There were no monsters in sight!

Vanquished Creatures
  A bombardier beetle (D:5)
  2 hounds (D:5)
3 creatures vanquished.

Notes
Turn   | Place    | Note
-------+----------+-------------------------------------------
     0 | D:5      | Reached skill level 9 in Stealth
     0 | D:5      | leafyfresh the Gnoll Delver began the quest for the Orb.
     0 | D:5      | Reached XP level 1. HP: 23/23 MP: 1/1
    29 | D:5      | Noticed a hound
    36 | D:5      | Killed a hound
    37 | D:5      | Reached XP level 2. HP: 29/29 MP: 1/3
    37 | D:5      | Reached XP level 3. HP: 35/35 MP: 1/4
    68 | D:5      | Reached skill level 1 in Long Blades
    68 | D:5      | Reached skill level 1 in Axes
    68 | D:5      | Reached skill level 1 in Maces & Flails
    68 | D:5      | Reached skill level 1 in Polearms
    68 | D:5      | Reached skill level 1 in Staves
    68 | D:5      | Reached skill level 1 in Ranged Weapons
    68 | D:5      | Reached skill level 1 in Throwing
    68 | D:5      | Reached skill level 1 in Armour
    68 | D:5      | Reached skill level 1 in Shields
    68 | D:5      | Reached skill level 1 in Unarmed Combat
    68 | D:5      | Reached skill level 1 in Spellcasting
    68 | D:5      | Reached skill level 1 in Invocations
    68 | D:5      | Reached skill level 1 in Evocations
    68 | D:5      | Reached skill level 1 in Shapeshifting
    68 | D:5      | Reached XP level 4. HP: 34/41 MP: 3/5
   213 | D:5      | Reached skill level 1 in Conjurations
   213 | D:5      | Reached skill level 1 in Hexes
   213 | D:5      | Reached skill level 1 in Summonings
   213 | D:5      | Reached skill level 1 in Necromancy
   213 | D:5      | Reached skill level 1 in Translocations
   213 | D:5      | Reached skill level 1 in Fire Magic
   213 | D:5      | Reached skill level 1 in Ice Magic
   213 | D:5      | Reached skill level 1 in Air Magic
   213 | D:5      | Reached skill level 1 in Earth Magic
   213 | D:5      | Reached skill level 1 in Alchemy
   220 | D:5      | Incinerated by a bombardier beetle

Illustrated notes

Levels and vault maps discovered:
D:5:      layout_basic, amcnicky_altar_gilded, minmay_temple_entry_slanted

Skill      XL: |  1  2  3  4 |
---------------+-------------+-----
Stealth        | |  9.6
Long Blades    | 1 |  1.2
Axes           | 1 |  1.2
Maces & Flails | 1 |  1.2
Polearms       | 1 |  1.2
Staves         | 1 |  1.2
Ranged Weapons | 1 |  1.2
Throwing       | 1 |  1.2
Armour         | 1 |  1.2
Shields        | 1 |  1.2
Unarmed Combat | 1 |  1.2
Spellcasting   | 1 |  1.2
Invocations    | 1 |  1.4
Evocations     | 1 |  1.2
Shapeshifting  | 1 |  1.1
Conjurations   | 1 |  1.0
Hexes          | 1 |  1.0
Summonings     | 1 |  1.0
Necromancy     | 1 |  1.0
Translocations | 1 |  1.0
Fire Magic     | 1 |  1.0
Ice Magic      | 1 |  1.0
Air Magic      | 1 |  1.0
Earth Magic    | 1 |  1.0
Alchemy        | 1 |  1.0
Fighting       | |  6.6
Short Blades   | |  4.7
Dodging        | |  4.7

Action                     |  1- 3 |  4- 6 || total
---------------------------+-------+-------++-------
  Melee: Short sword       |    12 |    18 ||    30
         Bite              |     2 |     3 ||     5
   Stab: Sleeping          |     1 |       ||     1
 Armour: Leather armour    |     5 |     3 ||     8
  Dodge: Dodged            |     7 |     4 ||    11
